[Event "December 5 Early 2023"]
[Site "https://www.chess.com"]
[Date "2023.12.05"]
[Round "1"]
[White "Espinoza Villanueva, Rodrigo"]
[Black "Shubhi Gupta"]
[Result "1-0"]
[Board "181"]
[TimeControl "180+1"]
[WhiteFideId "5140188"]
[BlackFideId "25195425"]
[WhiteElo "2601"]
[BlackElo "2286"]
[WhiteTeam "MEX"]
[BlackTeam "IND"]
[WhiteClock "0:00:19"]
[BlackClock "0:00:06"]

1. d4 d5 2. c4 e6 3. Nc3 Nf6 4. Nf3 Be7 5. Bf4 O-O 6. e3 b6 7. cxd5 exd5 8. Bd3 c5 9. O-O Bb7 10. Qa4 Nbd7 11. Rac1 c4 12. Bf5 a6 13. Ne5 b5 14. Qd1 Nxe5 15. dxe5 Ne4 16. Nxe4 dxe4 17. Qh5 g6 18. Qg4 h5 19. Qg3 Bh4 20. Qh3 gxf5 21. Qxf5 Qb6 22. Qxh5 Be7 23. f3 Qg6 24. Qh3 exf3 25. g3 Rad8 26. Rf2 Bg5 27. Qg4 Bxf4 28. Qxf4 Rd3 29. h4 Rfd8 30. Rcf1 Rd2 31. g4 Qh7 32. h5 Qg7 33. Kh2 Bc8 34. Kg3 Rxf2 35. Rxf2 Bb7 36. g5 Re8 37. h6 Qxe5 38. Qxe5 Rxe5 39. Kf4 Re4+ 40. Kf5 Rh4 41. Rd2 Kh7 42. Kf6 Re4 43. Rd7 f2 44. Rxf7+ Kg8 45. h7+ Kh8 46. Rf8+ Kxh7 47. g6+ Kh6 48. Rh8# 1-0

[Event "December 5 Early 2023"]
[Site "https://www.chess.com"]
[Date "2023.12.05"]
[Round "1"]
[White "Sarkar, Justin"]
[Black "Bodnaruk, Anastasia"]
[Result "1-0"]
[Board "182"]
[TimeControl "180+1"]
[WhiteFideId "2010011"]
[BlackFideId "4181751"]
[WhiteElo "2282"]
[BlackElo "2600"]
[WhiteTeam "USA"]
[BlackTeam "RUS"]
[WhiteClock "0:00:04"]
[BlackClock "0:00:12"]

1. e4 c5 2. Ne2 d6 3. g3 d5 4. Bg2 dxe4 5. Nbc3 Nf6 6. Nxe4 Nxe4 7. Bxe4 g6 8. O-O Bg7 9. d3 O-O 10. c3 Nc6 11. Be3 Bh3 12. Re1 Qd6 13. Nf4 Bd7 14. Qc2 e5 15. Nd5 f5 16. Bh1 Be6 17. c4 Kh8 18. f4 Rac8 19. Rad1 Bxd5 20. cxd5 Nb4 21. Qc4 b5 22. Qxb5 Nxd5 23. Bxd5 Qxd5 24. Qc4 Rfd8 25. Qxd5 Rxd5 26. b3 Rcd8 27. fxe5 Rxe5 28. Bf2 Red5 29. Re7 a5 30. Ra7 Bc3 31. Kf1 Rxd3 32. Rxd3 Rxd3 33. Bxc5 Rd2 34. a3 Rxh2 35. b4 axb4 36. axb4 Rb2 37. Rb7 g5 38. b5 Be5 39. b6 Bxg3 40. Bd4+ Kg8 41. Bxb2 h5 42. Ra7 h4 43. b7 h3 44. Ra8+ Kf7 45. b8=Q Bxb8 46. Rxb8 1-0

[Event "December 5 Early 2023"]
[Site "https://www.chess.com"]
[Date "2023.12.05"]
[Round "1"]
[White "Goldin, Alexander"]
[Black "Obon Temprano, Sergi"]
[Result "1-0"]
[Board "183"]
[TimeControl "180+1"]
[WhiteFideId "2019540"]
[BlackFideId "2226545"]
[WhiteElo "2600"]
[BlackElo "2276"]
[WhiteTeam "USA"]
[BlackTeam "ESP"]
[WhiteClock "0:00:19"]
[BlackClock "0:00:00"]

1. d4 d5 2. Nf3 Nf6 3. e3 c6 4. c4 Bf5 5. Nbd2 e6 6. Nh4 Bg6 7. Nxg6 hxg6 8. g3 Nbd7 9. Bg2 Be7 10. O-O Qa5 11. a3 Nh7 12. Rb1 f5 13. b4 Qd8 14. b5 Kf7 15. bxc6 bxc6 16. Qa4 Qc7 17. Bb2 Rhb8 18. Rfc1 Qd6 19. cxd5 cxd5 20. Bc3 Nb6 21. Qd1 Qxa3 22. Ra1 Qd6 23. Nf3 Bf6 24. Bf1 Rc8 25. Ba6 Rc7 26. Ne5+ Bxe5 27. dxe5 Qe7 28. Bd4 Ng5 29. Kg2 Ne4 30. f3 Nc5 31. Be2 Nca4 32. Rxc7 Qxc7 33. Rxa4 Nxa4 34. Qxa4 a5 35. h4 Rc8 36. Kf2 Rb8 37. Qa3 Rb4 38. Bc3 Rc4 39. Bxc4 Qxc4 40. Qxa5 Qd3 41. Qa7+ Kg8 42. Qd4 Qc2+ 43. Qd2 Qb1 44. Kg2 Qb3 45. Bd4 Qc4 46. Qb2 Qd3 47. Kf2 1-0

[Event "December 5 Early 2023"]
[Site "https://www.chess.com"]
[Date "2023.12.05"]
[Round "1"]
[White "Jahnz, Fabian"]
[Black "Roebers, Eline"]
[Result "0-1"]
[Board "184"]
[TimeControl "180+1"]
[WhiteFideId "4653300"]
[BlackFideId "1058401"]
[WhiteElo "2273"]
[BlackElo "2599"]
[WhiteTeam "GER"]
[BlackTeam "NED"]
[WhiteClock "0:00:27"]
[BlackClock "0:00:34"]

1. e4 c5 2. Nf3 e6 3. c3 Nf6 4. e5 Nd5 5. g3 Nc6 6. Bg2 d6 7. exd6 Bxd6 8. O-O O-O 9. d4 cxd4 10. Nxd4 Nxd4 11. Qxd4 Qc7 12. Nd2 Bc5 13. Qd3 Rd8 14. Qc2 Nb4 15. Qb3 Nd3 16. Ne4 Nxc1 17. Raxc1 Bb6 18. Rcd1 Bd7 19. Qc2 Bc6 20. Ng5 g6 21. Bxc6 Qxc6 22. Rxd8+ Rxd8 23. Rd1 Rxd1+ 24. Qxd1 Bxf2+ 25. Kxf2 Qc5+ 26. Qd4 Qxg5 27. Qxa7 Qd2+ 28. Kg1 Qc1+ 29. Kg2 Qxb2+ 30. Kh3 Qb5 31. Kg2 Kg7 32. a4 Qc6+ 33. Kh3 e5 34. Qe3 Qd7+ 35. Kg2 Qd5+ 36. Kh3 f5 37. c4 Qe6 38. Kg2 e4 39. Qd4+ Kh6 40. Qe3+ g5 41. h4 Qf6 42. hxg5+ Qxg5 43. Qb6+ Kh5 44. Qxb7 Kg4 45. Qb2 f4 46. gxf4 Kxf4+ 47. Kh1 e3 48. Qh2+ Ke4 49. Qc2+ Kf3 50. Qd1+ e2 51. Qd3+ Kf2 52. Qd4+ Kf1 0-1

[Event "December 5 Early 2023"]
[Site "https://www.chess.com"]
[Date "2023.12.05"]
[Round "1"]
[White "Jaiveer Mahendru"]
[Black "Cardozo Munar, Carlos Eduardo"]
[Result "1-0"]
[Board "185"]
[TimeControl "180+1"]
[WhiteFideId "25611151"]
[BlackFideId "4409477"]
[WhiteElo "2598"]
[BlackElo "2272"]
[WhiteTeam "IND"]
[BlackTeam "COL"]
[WhiteClock "0:01:38"]
[BlackClock "0:00:00"]

1. f4 d5 2. Nf3 h6 3. g3 g5 4. fxg5 hxg5 5. Nxg5 Qd6 6. d4 Nf6 7. Nc3 Rxh2 8. Rxh2 Qxg3+ 9. Rf2 Ng4 10. Nh3 Nxf2 11. Nxf2 c6 12. Qd3 Qh4 13. e4 Na6 14. Be3 Bg4 15. exd5 Nb4 16. Qd2 O-O-O 17. dxc6 Nxc6 18. Ne2 Bg7 19. O-O-O Nxd4 20. Nxd4 Bxd1 21. Qc3+ 1-0

[Event "December 5 Early 2023"]
[Site "https://www.chess.com"]
[Date "2023.12.05"]
[Round "1"]
[White "Rodriguez Santiago, Jaime"]
[Black "Kim, Sergey"]
[Result "0-1"]
[Board "186"]
[TimeControl "180+1"]
[WhiteFideId "3100898"]
[BlackFideId "13700570"]
[WhiteElo "2270"]
[BlackElo "2598"]
[WhiteTeam "PUR"]
[BlackTeam "KAZ"]
[WhiteClock "0:01:46"]
[BlackClock "0:01:47"]

1. c4 Nf6 2. Nc3 g6 3. g3 Bg7 4. Bg2 O-O 5. e4 d6 6. Nge2 e5 7. O-O c6 8. d3 Nh5 9. Be3 f5 10. f4 exf4 11. Nxf4 Nxf4 12. Bxf4 Qb6+ 13. Kh1 Qxb2 14. d4 Qxc3 15. Bxd6 Qxd4 16. Qxd4 Bxd4 17. Rad1 c5 18. Bxf8 Kxf8 19. exf5 gxf5 20. g4 Nc6 21. gxf5 Ne5 22. Bd5 Bd7 23. Rde1 Bc6 24. Bxc6 Nxc6 25. Re4 Re8 26. Rh4 Re7 27. Rg4 Ne5 28. Rh4 Nxc4 29. f6 Rf7 30. Kg2 Ne3+ 0-1

[Event "December 5 Early 2023"]
[Site "https://www.chess.com"]
[Date "2023.12.05"]
[Round "1"]
[White "Yezhel, Valiantsin"]
[Black "Martin, Lewis"]
[Result "1-0"]
[Board "187"]
[TimeControl "180+1"]
[WhiteFideId "13504983"]
[BlackFideId "410551"]
[WhiteElo "2597"]
[BlackElo "2259"]
[WhiteTeam "FID"]
[BlackTeam "ENG"]
[WhiteClock "0:01:58"]
[BlackClock "0:00:14"]

1. d4 d5 2. Nf3 Nf6 3. Bg5 Ne4 4. Bh4 c5 5. e3 Nc6 6. c3 cxd4 7. exd4 Qb6 8. Qb3 Qxb3 9. axb3 Bf5 10. b4 Nd6 11. Nbd2 e6 12. Be2 Be7 13. O-O O-O 14. Ra3 a6 15. Rfa1 Bxh4 16. Nxh4 Ne7 17. Nxf5 Nexf5 18. b5 Rfc8 19. bxa6 bxa6 20. Rxa6 Rxa6 21. Rxa6 Nxd4 22. cxd4 Rc1+ 23. Bf1 Ne8 24. b4 h5 25. Ra8 Kf8 26. b5 Rc2 27. Nb3 Rb2 28. Nc5 Ke7 29. f3 Nc7 30. Ra7 Kd6 31. Rb7 e5 32. dxe5+ Kxc5 33. Rxc7+ Kd4 34. Rxf7 Ke3 35. e6 d4 36. e7 1-0

[Event "December 5 Early 2023"]
[Site "https://www.chess.com"]
[Date "2023.12.05"]
[Round "1"]
[White "Minina, Veronika"]
[Black "Boor, Carl"]
[Result "1/2-1/2"]
[Board "188"]
[TimeControl "180+1"]
[WhiteFideId "4174780"]
[BlackFideId "2017008"]
[WhiteElo "2257"]
[BlackElo "2594"]
[WhiteTeam "RUS"]
[BlackTeam "USA"]
[WhiteClock "0:00:08"]
[BlackClock "0:00:09"]

1. Nf3 d5 2. g3 Bg4 3. Bg2 e6 4. c4 c6 5. cxd5 Bxf3 6. Bxf3 cxd5 7. O-O Nc6 8. d4 Nf6 9. Nc3 Be7 10. Bf4 O-O 11. Rc1 Rc8 12. a3 Bd6 13. Bxd6 Qxd6 14. e3 Na5 15. Be2 Qb6 16. b4 Nc4 17. Bxc4 Rxc4 18. Na4 Qc6 19. Nc5 Rxc1 20. Qxc1 Rc8 21. Qb2 b6 22. b5 Qd6 23. Nd3 Nd7 24. Nb4 Rc4 25. Nc6 Qc7 26. Rc1 Nb8 27. Rxc4 dxc4 28. Qc3 Nxc6 29. Qxc4 Qd6 30. Qxc6 Qxa3 31. Qa8+ Qf8 32. Qxa7 Qd8 33. e4 g6 34. Qa4 Qc7 35. Qb4 Qc1+ 36. Kg2 Qd1 37. Qc4 Qb1 38. d5 exd5 39. exd5 Qd1 40. Qc6 Qd3 41. d6 h5 42. d7 Kg7 43. h4 Kh7 44. Qc7 Qd5+ 45. Kg1 Qd1+ 46. Kh2 Qd2 47. Kg2 Qd5+ 48. Kf1 Qd1+ 49. Kg2 Qd5+ 1/2-1/2

[Event "December 5 Early 2023"]
[Site "https://www.chess.com"]
[Date "2023.12.05"]
[Round "1"]
[White "Skatchkov, Valery"]
[Black "Vifleemskaia, Svetlana"]
[Result "1-0"]
[Board "189"]
[TimeControl "180+1"]
[WhiteFideId "24195812"]
[BlackFideId "4129490"]
[WhiteElo "2594"]
[BlackElo "2257"]
[WhiteTeam "RUS"]
[BlackTeam "RUS"]
[WhiteClock "0:01:26"]
[BlackClock "0:00:42"]

1. d4 Nf6 2. c4 e6 3. Nf3 Bb4+ 4. Nbd2 b6 5. a3 Bxd2+ 6. Qxd2 Bb7 7. e3 a5 8. Be2 a4 9. O-O d6 10. Ne1 Nbd7 11. f3 O-O 12. e4 e5 13. d5 Nc5 14. Qc2 Nb3 15. Rb1 Nd4 16. Qd1 h6 17. Be3 Nxe2+ 18. Qxe2 Ba6 19. Nc2 b5 20. cxb5 Bb7 21. Nb4 Ra5 22. Rbc1 Qd7 23. b6 cxb6 24. Bxb6 Ba6 25. Nxa6 Qb5 26. Qxb5 Rxb5 27. Bc7 Rxb2 28. Bxd6 Ra8 29. Nb4 Nh5 30. Bxe5 f6 31. Bxb2 1-0

[Event "December 5 Early 2023"]
[Site "https://www.chess.com"]
[Date "2023.12.05"]
[Round "1"]
[White "Ivanova, Karina"]
[Black "Stoleriu, George"]
[Result "0-1"]
[Board "190"]
[TimeControl "180+1"]
[WhiteFideId "24139750"]
[BlackFideId "1227505"]
[WhiteElo "2255"]
[BlackElo "2593"]
[WhiteTeam "RUS"]
[BlackTeam "ROU"]
[WhiteClock "0:00:56"]
[BlackClock "0:02:10"]

1. d4 e6 2. Nf3 Nf6 3. c4 Bb4+ 4. Bd2 Qe7 5. Nc3 b6 6. g3 Bb7 7. Bg2 Bxc3 8. Bxc3 Ne4 9. Qc2 Nxc3 10. Qxc3 d6 11. O-O O-O 12. b4 Nd7 13. Rfc1 c5 14. a3 Rac8 15. Qd3 cxd4 16. Nxd4 Bxg2 17. Kxg2 Ne5 18. Qb3 Qf6 19. Ra2 d5 20. c5 Nc4 21. e3 bxc5 22. bxc5 Rxc5 23. Rac2 h5 24. h4 Rfc8 25. Nf3 Qf5 26. Rc3 Qxf3+ 27. Kxf3 Nd2+ 0-1

[Event "December 5 Early 2023"]
[Site "https://www.chess.com"]
[Date "2023.12.05"]
[Round "1"]
[White "Avramidou, Anastasia"]
[Black "De Souza, Cristiano Gomes"]
[Result "1-0"]
[Board "191"]
[TimeControl "180+1"]
[WhiteFideId "4239873"]
[BlackFideId "2151758"]
[WhiteElo "2589"]
[BlackElo "2254"]
[WhiteTeam "GRE"]
[BlackTeam "BRA"]
[WhiteClock "0:00:37"]
[BlackClock "0:00:43"]

1. Nf3 Nf6 2. c4 g6 3. Nc3 Bg7 4. h4 d6 5. d4 Nc6 6. e4 O-O 7. Be2 Bg4 8. Be3 h5 9. Ng5 Bxe2 10. Qxe2 e5 11. d5 Nd4 12. Qd2 c5 13. f3 Nh7 14. O-O-O a6 15. Kb1 Rb8 16. g4 Nf6 17. Rdg1 b5 18. cxb5 axb5 19. gxh5 Nxh5 20. Ne2 b4 21. Ng3 Nf4 22. Qh2 f6 23. Bxd4 fxg5 24. Be3 Qa5 25. hxg5 Ra8 26. b3 c4 27. Nf5 Rxf5 28. exf5 cxb3 29. Qh7+ Kf8 30. Rh2 bxa2+ 31. Ka1 e4+ 32. f6 Ra7 33. fxg7+ Rxg7 34. Qh8+ Kf7 35. Rh7 Rxh7 36. Qxh7+ Ke8 37. Qg8+ Kd7 38. Qf7+ Kc8 39. Rc1+ Kb8 40. Bxf4 b3 41. Bxd6+ 1-0

[Event "December 5 Early 2023"]
[Site "https://www.chess.com"]
[Date "2023.12.05"]
[Round "1"]
[White "Sami, Sama"]
[Black "Aaditya Dhingra"]
[Result "0-1"]
[Board "192"]
[TimeControl "180+1"]
[WhiteFideId "4802926"]
[BlackFideId "25678191"]
[WhiteElo "2253"]
[BlackElo "2589"]
[WhiteTeam "IRQ"]
[BlackTeam "IND"]
[WhiteClock "0:01:10"]
[BlackClock "0:01:04"]

1. e4 c6 2. d4 g6 3. c4 Bg7 4. Nc3 d6 5. Nf3 Bg4 6. Be3 Nd7 7. h3 Bxf3 8. gxf3 e5 9. h4 exd4 10. Bxd4 Bxd4 11. Qxd4 Qf6 12. Qxf6 Ngxf6 13. O-O-O Ke7 14. f4 Nh5 15. Ne2 Nc5 16. f3 Ne6 17. f5 gxf5 18. exf5 Neg7 19. Bh3 Rad8 20. Bg4 Kf6 21. Rd4 Rhe8 22. Nf4 Nxf4 23. Rxf4 h5 24. Bh3 Re2 25. Rd1 d5 26. cxd5 Rxd5 27. Rfd4 Ree5 28. f4 Rxd4 29. fxe5+ Kxe5 30. Re1+ Kf6 0-1

[Event "December 5 Early 2023"]
[Site "https://www.chess.com"]
[Date "2023.12.05"]
[Round "1"]
[White "Morgunov, Marc"]
[Black "Ernst, Luca"]
[Result "1-0"]
[Board "193"]
[TimeControl "180+1"]
[WhiteFideId "1640305"]
[BlackFideId "45117055"]
[WhiteElo "2588"]
[BlackElo "2251"]
[WhiteTeam "AUT"]
[BlackTeam "FRA"]
[WhiteClock "0:01:32"]
[BlackClock "0:00:00"]

1. e4 c5 2. Nf3 d6 3. d4 cxd4 4. Nxd4 Nf6 5. Nc3 Bd7 6. Bg5 Nc6 7. Qd2 Rc8 8. O-O-O Nxd4 9. Qxd4 Qa5 10. Be3 b6 11. f3 g6 12. g4 Bg7 13. Qd2 O-O 14. Kb1 Be6 15. Nd5 Nxd5 16. Qxa5 Nxe3 17. Qe1 Rxc2 18. Rd2 Rfc8 19. Bd3 Rxd2 20. Qxd2 Bh6 21. Rc1 Nxg4 22. Rxc8+ Bxc8 23. Qc3 Ne5 24. Qxc8+ Kg7 25. Be2 Bf4 26. Qc7 e6 27. Qxa7 b5 28. a4 bxa4 29. Qxa4 Bxh2 30. b4 Bg1 31. b5 h5 32. Qd1 Bb6 33. Qxd6 1-0

[Event "December 5 Early 2023"]
[Site "https://www.chess.com"]
[Date "2023.12.05"]
[Round "1"]
[White "Joel Paul Ganta"]
[Black "Navarrete Mendez, Gonzalo Alberto"]
[Result "0-1"]
[Board "194"]
[TimeControl "180+1"]
[WhiteFideId "35066145"]
[BlackFideId "5106850"]
[WhiteElo "2246"]
[BlackElo "2585"]
[WhiteTeam "IND"]
[BlackTeam "MEX"]
[WhiteClock "0:00:00"]
[BlackClock "0:00:23"]

1. e4 e5 2. Nf3 Nc6 3. Bb5 a6 4. Ba4 d6 5. c4 Bd7 6. O-O Nge7 7. Nc3 Ng6 8. d4 Be7 9. Bxc6 bxc6 10. dxe5 dxe5 11. Qc2 O-O 12. Be3 f5 13. Rfd1 Qc8 14. Bg5 Bc5 15. a3 fxe4 16. Nxe4 Bf5 17. Qe2 Ba7 18. c5 h6 19. Be3 Bxe4 20. Qc4+ Bd5 21. Rxd5 cxd5 22. Qxd5+ Kh8 23. b4 Qf5 24. Rd1 Rad8 25. Qxd8 Rxd8 26. Rxd8+ Kh7 27. h3 a5 28. Ra8 axb4 29. axb4 Qb1+ 30. Kh2 e4 31. Nd4 Qa2 32. Nc6 Qd5 33. b5 Bxc5 34. Rd8 Qc4 35. Bxc5 Qxc5 0-1

[Event "December 5 Early 2023"]
[Site "https://www.chess.com"]
[Date "2023.12.05"]
[Round "1"]
[White "Kononenko, Dmitry"]
[Black "Fernandez Sanchez, Mario Andres"]
[Result "1-0"]
[Board "195"]
[TimeControl "180+1"]
[WhiteFideId "14113538"]
[BlackFideId "6501621"]
[WhiteElo "2582"]
[BlackElo "2238"]
[WhiteTeam "UKR"]
[BlackTeam "CRC"]
[WhiteClock "0:00:50"]
[BlackClock "0:00:09"]

1. e4 c5 2. Nf3 Nc6 3. d4 cxd4 4. Nxd4 g6 5. Nc3 Bg7 6. Be3 Nf6 7. Bc4 Qa5 8. O-O O-O 9. Bb3 d6 10. h3 Bd7 11. f4 Nxd4 12. Bxd4 Bc6 13. Qd3 b5 14. a3 a6 15. Rae1 Qc7 16. f5 Qb7 17. fxg6 hxg6 18. Bxf6 Bxf6 19. Rxf6 exf6 20. Rf1 Qe7 21. Bd5 Rac8 22. Bxc6 Rxc6 23. Nd5 Qe5 24. Nxf6+ Kg7 25. c3 Rh8 26. Qf3 Rc7 27. Nd5 Rb7 28. Qg4 a5 29. Rf5 Qe6 30. Qg3 Qxe4 31. Rg5 Rd8 32. Qf2 Qe6 33. Qd4+ Kg8 34. Nf6+ Kf8 35. Ng4 b4 36. axb4 axb4 37. cxb4 Rdb8 38. Ra5 Rxb4 39. Qh8+ Ke7 40. Ra7+ R4b7 41. Qh4+ Kf8 42. Qh6+ Ke7 43. Ra3 Rxb2 44. Re3 Rb1+ 45. Kh2 Ra1 46. Rxe6+ Kxe6 47. Qe3+ Kd7 48. Nf6+ Kd8 49. Qe8+ Kc7 50. Qd7+ Kb6 51. Qxd6+ Ka7 52. Qd4+ Ka8 53. Qxa1+ 1-0

[Event "December 5 Early 2023"]
[Site "https://www.chess.com"]
[Date "2023.12.05"]
[Round "1"]
[White "NastyaHn"]
[Black "Vakhidov, Shahzod"]
[Result "0-1"]
[Board "196"]
[TimeControl "180+1"]
[BlackFideId "14205270"]
[WhiteElo "2236"]
[BlackElo "2580"]
[BlackTeam "UZB"]
[WhiteClock "0:00:03"]
[BlackClock "0:00:23"]

1. Nc3 c5 2. Nf3 g6 3. d4 cxd4 4. Qxd4 Nf6 5. Qh4 Nc6 6. e4 d6 7. Bh6 Qb6 8. O-O-O Be6 9. Bxf8 Rxf8 10. a3 O-O-O 11. Nd5 Bxd5 12. exd5 Ne5 13. Nxe5 dxe5 14. Bc4 Qc5 15. Bb3 h5 16. Rhe1 e4 17. f3 exf3 18. gxf3 Rd7 19. Qh3 Kb8 20. Qg3+ Ka8 21. Rd3 a6 22. Ba4 Rxd5 23. Rxd5 Nxd5 24. Qe5 Rc8 25. Bb3 e6 26. Rd1 Qf2 27. Rd2 Qg1+ 28. Rd1 Qc5 29. Rd2 Nb6 30. Qxc5 Rxc5 31. Rd8+ Ka7 32. Kd2 Rf5 33. Ke3 a5 34. Rf8 a4 35. Ba2 Nd7 36. Bc4 Nxf8 37. Bd3 Rc5 38. c4 Nd7 39. Kd4 Kb6 40. Kc3 e5 41. Kb4 Rc7 42. Kxa4 Nc5+ 43. Kb4 Nxd3+ 44. Kc3 Nf4 45. b4 Ne6 46. c5+ Nxc5 47. bxc5+ Kxc5 48. Kb3 b5 49. a4 b4 50. a5 Rd7 51. a6 Rd3+ 52. Kc2 Ra3 53. Kb2 Rxa6 0-1

[Event "December 5 Early 2023"]
[Site "https://www.chess.com"]
[Date "2023.12.05"]
[Round "1"]
[White "Shubenkova, Veronika"]
[Black "Dyulgerov, Volen"]
[Result "1-0"]
[Board "197"]
[TimeControl "180+1"]
[WhiteFideId "44124040"]
[BlackFideId "2918978"]
[WhiteElo "2580"]
[BlackElo "2235"]
[WhiteTeam "RUS"]
[BlackTeam "BUL"]
[WhiteClock "0:01:10"]
[BlackClock "0:00:00"]

1. c4 b5 2. cxb5 a6 3. bxa6 Rxa6 4. d3 d5 5. Nf3 c5 6. Nbd2 Nc6 7. g3 h5 8. h4 Nf6 9. Bg2 Ng4 10. O-O e6 11. e4 Nb4 12. Nb3 d4 13. a3 Nc6 14. Qc2 Qb6 15. Nfd2 Ra4 16. Nc4 Rxc4 17. dxc4 Bd6 18. Bf4 Bxf4 19. gxf4 Qd8 20. Rfd1 Qxh4 21. Nxc5 Qh2+ 22. Kf1 Qxf4 23. Nd3 Ne3+ 24. Kg1 Nxc2 25. Nxf4 Nxa1 26. Rxa1 g5 27. Nd3 Na5 28. Rc1 Ba6 29. Nc5 Bc8 30. e5 h4 31. b4 h3 32. Be4 h2+ 33. Kh1 f5 34. exf6 Nxc4 35. Rxc4 e5 36. Rc1 Kf7 37. Nd3 Kxf6 38. f3 g4 39. fxg4 Kg5 40. Rc2 Bxg4 41. Rxh2 Ra8 42. Ra2 Rc8 43. Nc5 Rf8 44. a4 Kf4 45. Rf2+ Kg3 46. Rxf8 d3 47. Nxd3 Kh3 48. Nf2+ Kg3 49. Nxg4 Kh3 50. Nf2+ 1-0

[Event "December 5 Early 2023"]
[Site "https://www.chess.com"]
[Date "2023.12.05"]
[Round "1"]
[White "Garcia Correa, Jose Ricardo"]
[Black "Mendez Fortes, Eduardo Jesus"]
[Result "1/2-1/2"]
[Board "198"]
[TimeControl "180+1"]
[WhiteFideId "5101832"]
[BlackFideId "3502376"]
[WhiteElo "2234"]
[BlackElo "2579"]
[WhiteTeam "MEX"]
[BlackTeam "CUB"]
[WhiteClock "0:00:19"]
[BlackClock "0:00:16"]

1. e4 c5 2. Nf3 d6 3. d4 cxd4 4. Nxd4 Nf6 5. Nc3 a6 6. f4 e5 7. Nf3 Nbd7 8. Bd3 Be7 9. O-O O-O 10. Kh1 b5 11. a3 Bb7 12. Qe1 Rc8 13. fxe5 dxe5 14. Bg5 h6 15. Bh4 Nh5 16. Rd1 Bxh4 17. Nxh4 Nf4 18. Nf5 Qf6 19. Bxb5 Nc5 20. Bd3 Qg5 21. Qg3 Rcd8 22. Qxg5 hxg5 23. Bc4 Rxd1 24. Rxd1 Nxe4 25. Rd7 Ba8 26. Nxe4 Bxe4 27. Ne3 g6 28. Kg1 Kg7 29. g3 Nh5 30. Bxa6 Kh6 31. Bc4 f5 32. Bd5 Bxd5 33. Nxd5 g4 34. Ne3 Kg5 35. Nc4 e4 36. Kf2 Nf6 37. Rd6 Rc8 38. b3 Rh8 39. Kg2 Rc8 40. a4 Rc5 41. a5 Rc7 42. a6 Ra7 43. b4 e3 44. Nxe3 Ne4 45. Rc6 Rd7 46. b5 Rd2+ 47. Kf1 f4 48. gxf4+ Kxf4 49. Ng2+ Kf3 50. Ne1+ Ke3 51. a7 Rf2+ 52. Kg1 Re2 53. a8=Q Rxe1+ 54. Kg2 Re2+ 55. Kg1 Re1+ 56. Kg2 Re2+ 57. Kg1 Re1+ 1/2-1/2

[Event "December 5 Early 2023"]
[Site "https://www.chess.com"]
[Date "2023.12.05"]
[Round "1"]
[White "Chor, Kevin"]
[Black "Nechitaylo, Nikita"]
[Result "1-0"]
[Board "199"]
[TimeControl "180+1"]
[WhiteFideId "2090740"]
[BlackFideId "34138161"]
[WhiteElo "2578"]
[BlackElo "2223"]
[WhiteTeam "USA"]
[BlackTeam "UKR"]
[WhiteClock "0:00:33"]
[BlackClock "0:00:03"]

1. e4 c5 2. Nf3 d6 3. d4 cxd4 4. Nxd4 Nf6 5. Nc3 Nc6 6. Bg5 e6 7. Qd2 a6 8. O-O-O Bd7 9. Kb1 b5 10. f3 Be7 11. h4 Rc8 12. g4 h5 13. gxh5 Nxh5 14. Rg1 g6 15. f4 f6 16. Bh3 fxg5 17. Nxe6 Bxe6 18. Bxe6 Rb8 19. f5 gxf5 20. hxg5 f4 21. g6 Bf6 22. Nd5 Bg7 23. Rh1 Ne7 24. Nxf4 Nxf4 25. Rxh8+ Bxh8 26. Qxf4 Qb6 27. Qf7+ Kd8 28. Qf8+ Kc7 29. Qxe7+ Kc6 30. Rxd6+ Kc5 31. b4+ Kxb4 32. Rxb6+ Ka4 33. Rxb8 a5 34. Bb3# 1-0

[Event "December 5 Early 2023"]
[Site "https://www.chess.com"]
[Date "2023.12.05"]
[Round "1"]
[White "Verbin, Valentina"]
[Black "Cremisi, Daniel"]
[Result "0-1"]
[Board "200"]
[TimeControl "180+1"]
[WhiteFideId "13905910"]
[BlackFideId "2089882"]
[WhiteElo "2223"]
[BlackElo "2577"]
[WhiteTeam "MDA"]
[BlackTeam "USA"]
[WhiteClock "0:00:00"]
[BlackClock "0:01:47"]

1. Nf3 Nf6 2. g3 d5 3. Bg2 b6 4. c4 c6 5. cxd5 cxd5 6. O-O g6 7. Ne5 Bg7 8. Qa4+ Bd7 9. Nxd7 Qxd7 10. Qb3 O-O 11. Nc3 Rd8 12. d3 Nc6 13. Bg5 e6 14. e4 d4 15. Ne2 h6 16. Bd2 e5 17. Rac1 Rac8 18. f4 Ng4 19. f5 g5 20. Bf3 Ne3 21. Bxe3 dxe3 22. Rcd1 Bf6 23. Nc3 Nd4 24. Qa3 Rxc3 25. Qxc3 e2 26. Rde1 exf1=Q+ 27. Rxf1 Rc8 28. Qd2 Rc2 29. Qe1 Nxf3+ 30. Rxf3 Qd4+ 31. Kh1 Qc5 32. h4 Rc1 0-1

[Event "December 5 Early 2023"]
[Site "https://www.chess.com"]
[Date "2023.12.05"]
[Round "1"]
[White "Ezat, Mohamed"]
[Black "Almeida Junior, Alvaro Alves de"]
[Result "1-0"]
[Board "201"]
[TimeControl "180+1"]
[WhiteFideId "10600906"]
[BlackFideId "2149974"]
[WhiteElo "2576"]
[BlackElo "2222"]
[WhiteTeam "EGY"]
[BlackTeam "BRA"]
[WhiteClock "0:01:43"]
[BlackClock "0:00:09"]

1. d4 Nf6 2. c4 g6 3. Nc3 d5 4. Bf4 Bg7 5. Rc1 O-O 6. e3 c5 7. dxc5 Qa5 8. cxd5 Rd8 9. Bc4 Ne4 10. Ne2 Qxc5 11. Bb3 Nxc3 12. Nxc3 e6 13. O-O exd5 14. Nxd5 Qf8 15. Qe2 Nc6 16. Rfd1 Be6 17. Nc7 Rxd1+ 18. Rxd1 Bxb3 19. axb3 Rd8 20. Nd5 Qc5 21. e4 Nd4 22. Qd3 Ne6 23. Be3 Qf8 24. g3 h5 25. Qb5 b6 26. Qa6 Nc5 27. Bxc5 Qxc5 28. Qxa7 Bd4 29. Kg2 Bg7 30. Ne7+ Kh7 31. Rxd8 1-0

[Event "December 5 Early 2023"]
[Site "https://www.chess.com"]
[Date "2023.12.05"]
[Round "1"]
[White "Florianovitz, Derlei Alex"]
[Black "Vivaan Vishal Shah"]
[Result "0-1"]
[Board "202"]
[TimeControl "180+1"]
[WhiteFideId "2114178"]
[BlackFideId "25184237"]
[WhiteElo "2220"]
[BlackElo "2576"]
[WhiteTeam "BRA"]
[BlackTeam "IND"]
[WhiteClock "0:00:03"]
[BlackClock "0:00:57"]

1. e4 e6 2. d4 d5 3. e5 Bd7 4. Nf3 a6 5. a4 c5 6. c3 Nc6 7. Be2 cxd4 8. cxd4 Bb4+ 9. Bd2 Nge7 10. O-O Qb6 11. Be3 Nf5 12. g4 Nxe3 13. fxe3 O-O 14. g5 f6 15. gxf6 gxf6 16. exf6 Rxf6 17. Nbd2 Kh8 18. Ng5 Rg6 19. h4 Nxd4 20. Bd3 Nf5 21. Bxf5 Qxe3+ 22. Kh2 Bd6+ 23. Kh1 exf5 24. Ndf3 h6 25. Nf7+ Kh7 26. Nxd6 Rxd6 27. Qd4 Qxd4 28. Nxd4 Re8 29. Nxf5 Bxf5 30. Rxf5 Re7 31. Rd1 d4 32. Rd3 Re3 33. Rf7+ Kg6 34. Rf3 Rxf3 35. Rxf3 d3 36. Rf1 Kh5 37. Rd1 Kxh4 38. Kg2 Kg4 39. Kf2 h5 40. Ke3 h4 41. Rg1+ Kh5 42. Kd2 h3 43. Rg8 Kh4 44. Rh8+ Kg4 45. Rg8+ Kh5 46. Rh8+ Rh6 47. Rf8 h2 48. Rf1 Kg4 49. Rh1 Kf3 50. Kxd3 Kg2 0-1

[Event "December 5 Early 2023"]
[Site "https://www.chess.com"]
[Date "2023.12.05"]
[Round "1"]
[White "Nadanian, Ashot"]
[Black "Borawski, Jakub"]
[Result "0-1"]
[Board "203"]
[TimeControl "180+1"]
[WhiteFideId "13300393"]
[BlackFideId "1143000"]
[WhiteElo "2574"]
[BlackElo "2214"]
[WhiteTeam "ARM"]
[BlackTeam "POL"]
[WhiteClock "0:01:03"]
[BlackClock "0:01:15"]

1. e4 e5 2. Nf3 Nc6 3. Bb5 a6 4. Bxc6 dxc6 5. O-O Qd6 6. d4 exd4 7. Qxd4 Qxd4 8. Nxd4 Bd7 9. Be3 O-O-O 10. Nd2 Re8 11. f3 Ne7 12. Nc4 f5 13. Ne5 fxe4 14. fxe4 Ng6 15. Nf7 Rg8 16. Nf5 Rxe4 17. Rae1 Bc5 18. Bxc5 Bxf5 19. Ng5 Rxe1 20. Rxe1 Bxc2 21. Nxh7 Nf4 22. Re7 Bxh7 0-1